 Dungeon Crawl Stone Soup version 0.26-b1-59-ge38874ec40 (webtiles) character file.

Game seed: 9872956984520852350

242 radhat240 the Caller (level 5, -2/28 HPs)
             Began as a Deep Elf Summoner on Jan 8, 2021.
             Was an Initiate of Vehumet.
             Shot with an arrow by a centaur (13 damage)
             ... on level 6 of the Dungeon.
             The game lasted 00:22:03 (3936 turns).

radhat240 the Caller (Deep Elf Summoner)            Turns: 3936, Time: 00:22:04

Health: -2/28      AC:  2    Str:  5    XL:     5   Next: 81%
Magic:  5/14       EV: 14    Int: 21    God:    Vehumet [......]
Gold:   116        SH:  0    Dex: 15    Spells: 4/13 levels left

rFire    . . .     SeeInvis .   d - +0 spear
rCold    . . .     Faith    +   (no shield)
rNeg     . . .     Spirit   .   a - +0 robe
rPois    .         Reflect  .   (no helmet)
rElec    .         Harm     .   (no cloak)
rCorr    .         Rampage  .   (no gloves)
Will     .....                  (no boots)
Stlth    +++.......             f - amulet of faith
HPRegen  0.09/turn              (no ring)
MPRegen  0.14/turn              (no ring)

@: no status effects
A: no striking features
a: Renounce Religion


You were on level 6 of the Dungeon.
You worshipped Vehumet.
Vehumet was noncommittal.
You visited 2 branches of the dungeon, and saw 5 of its levels.

You collected 116 gold pieces.

Inventory:

Hand Weapons
 d - a +0 spear (weapon)
Armour
 a - a +0 robe (worn)
Jewellery
 b - an uncursed amulet of the acrobat
 f - an amulet of faith (around neck)
Scrolls
 c - 2 scrolls of remove curse
 e - 2 scrolls of amnesia
 g - 3 scrolls of teleportation
 h - 2 scrolls of magic mapping
Potions
 i - a potion of curing


   Skills:
 + Level 4.1 Dodging
 + Level 4.3 Stealth
 + Level 4.8 Spellcasting
 + Level 5.6 Summonings


You had 4 spell levels left.
You knew the following spells:

 Your Spells              Type           Power        Failure   Level
a - Summon Small Mammal   Summ           100%         1%          1
b - Call Imp              Summ           28%          1%          2
c - Call Canine Familiar  Summ           28%          3%          3
d - Summon Guardian Gole  Hex/Summ       16%          11%         3

Your spell library contained the following spells:

 Spells                   Type           Power        Failure   Level
 Summon Ice Beast         Ice/Summ       16%          34%         4
 Summon Lightning Spire   Summ/Air       16%          34%         4


Dungeon Overview and Level Annotations

Branches:
Dungeon (6/15)             Temple (1/1) D:6

Altars:
Ashenzari
Cheibriados
Dithmenos
Fedhas
Gozag
Hepliaklqana
Makhleb
Nemelex Xobeh
Okawaru
Ru
Sif Muna
Trog
Vehumet
Wu Jian
Xom
Zin


Message History

Gang up on whom?
Press: ? - help, Dir - move target, f - centaur
Aim: a centaur, wielding a +0 shortbow and quivering 13 arrows Attack!
The centaur shoots an arrow.
The arrow hits your quokka!
Your quokka dies!
Your quokka's corpse disappears in a puff of smoke!
The centaur shoots an arrow.
The arrow hits your guardian golem!
The centaur shoots an arrow.
The arrow hits your guardian golem.
The centaur shoots an arrow.
The arrow hits your guardian golem!!
You are too injured to fight recklessly!
You are too injured to fight recklessly!
You are too injured to fight recklessly!
Casting: Summon Guardian Golem (quite dangerous; 11% risk of failure)
Confirm with . or Enter, or press ? or * to list all spells.
The centaur shoots an arrow.
The arrow hits your guardian golem!
Your guardian golem is destroyed!
Casting: Summon Small Mammal (safe; 1% risk of failure)
Confirm with . or Enter, or press ? or * to list all spells.
The centaur shoots an arrow.
The arrow hits you!
You die...

#...#..(##..###
#....#(#..#.#
#.#..#(.h.#.#
#..##....#..#
#....(>.....#
#..#...c##..#
#.#...(#(.#r#
#.#..#(#(...#
#..##...#@(##
...........##
...##...r.## ..
##.#.## #..)#
##..# #[.#####
##>....# .
#####.#


You could see a centaur and 2 friendly quokkas.

Vanquished Creatures
  An iguana (D:3)
  An adder (D:2)
  2 orcs (D:3)
  A bat (D:1)
  A giant cockroach (D:1)
  A goblin (D:2)
  A kobold (D:2)
8 creatures vanquished.

Vanquished Creatures (collateral kills)
  An ogre (D:6)
  A bullfrog (D:6)
  8 adders
  An ooze (D:1)
  2 worms (D:3)
  4 dart slugs
  6 leopard geckos
  6 orcs (D:3)
  A ball python (D:3)
  3 giant cockroaches
  7 goblins
  7 hobgoblins
  3 jackals (D:2)
  6 kobolds
  10 bats
  3 frilled lizards
  6 rats
75 creatures vanquished.

Vanquished Creatures (others)
  An orc priest (D:3)
  10 plants (D:2)
11 creatures vanquished.

Grand Total: 94 creatures vanquished

Notes
Turn   | Place    | Note
-------+----------+-------------------------------------------
     0 | D:1      | radhat240 the Deep Elf Summoner began the quest for the
                  | Orb.
     0 | D:1      | Reached XP level 1. HP: 10/10 MP: 6/6
   384 | D:1      | Reached XP level 2. HP: 15/15 MP: 2/8
   844 | D:1      | Learned a level 2 spell: Call Imp
  1195 | D:2      | Reached XP level 3. HP: 16/19 MP: 0/10
  1199 | D:2      | Learned a level 3 spell: Call Canine Familiar
  1203 | D:2      | Learned a level 3 spell: Summon Guardian Golem
  1499 | D:2      | Reached skill level 5 in Summonings
  1873 | D:2      | Reached XP level 4. HP: 24/24 MP: 3/11
  2176 | D:2      | Found a sacrificial altar of Ru.
  3250 | D:3      | Reached XP level 5. HP: 28/28 MP: 10/13
  3391 | D:3      | You fall into a shaft and drop 3 floors!
  3418 | D:6      | Noticed an ogre
  3427 | D:6      | Killed an ogre
  3430 | D:6      | Found a staircase to the Ecumenical Temple.
  3450 | D:6      | Noticed a centaur
  3460 | Temple   | Entered the Ecumenical Temple
  3747 | Temple   | Became a worshipper of Vehumet
  3936 | D:6      | Shot with an arrow by a centaur

Illustrated notes

Levels and vault maps discovered:
D:1:      minmay_arrival_up_and_down, layout_loops_cross, minmay_pentomino_o4
D:2:      cheibrodos_old_hovel, layout_rooms, st_stairs_4,
          nicolae_ru_path_of_blood
D:3:      layout_basic
D:6:      layout_basic, grunt_temple_overflow_diamond,
          minmay_temple_entry_mini_moons, nicolae_ossuary_entry_monument
Temple:   eino_temple_scatter_basement

Skill      XL: |  1  2  3  4  5 |
---------------+----------------+-----
Dodging        | 3 4 |  4.1
Stealth        | 3 4 |  4.3
Summonings     | 5 |  5.6
Spellcasting   | 4 |  4.8

Action                   |  1- 3 |  4- 6 || total
-------------------------+-------+-------++-------
Melee: Unarmed           |     6 |       ||     6
       Spear             |    35 |    29 ||    64
 Cast: Summon Small Mamm |    86 |    54 ||   140
       Call Imp          |     7 |     3 ||    10
       Call Canine Famil |     4 |     6 ||    10
       Summon Guardian G |       |     5 ||     5
  Use: Scroll            |     4 |     2 ||     6
       Potion            |     2 |       ||     2
 Stab: Distracted        |       |     1 ||     1
       Sleeping          |       |     1 ||     1
Armor: Robe              |    13 |     5 ||    18
Dodge: Dodged            |    26 |    28 ||    54
